 Dungeon Crawl Stone Soup version 0.29-a0-1006-g0dd7720b37 (webtiles) character file.

Game seed: 10577409954677369511

12709 Ajdolov the Cleaver (level 11, -3/101 HPs)
             Began as a Hill Orc Monk on Aug 6, 2022.
             Was a High Priest of Okawaru.
             Slain by a boulder beetle (23 damage)
             ... on level 10 of the Dungeon.
             The game lasted 00:23:18 (17068 turns).

Ajdolov the Cleaver (Hill Orc Monk)                Turns: 17068, Time: 00:23:19

Health: -3/101     AC: 14    Str: 19    XL:     11   Next: 97%
Magic:  18/18      EV: 10    Int: 15    God:    Okawaru [*****.]
Gold:   612        SH:  0    Dex: 15    Spells: 10/10 levels left

rFire   . . .      SeeInvis .   A - +1 battleaxe (vorpal)
rCold   . . .      Faith    .   (shield currently unavailable)
rNeg    . . .      Spirit   .   G - +5 scale mail of the Pure Quests {rElec Int+5 Dex+2 Stlth+}
rPois   .          Reflect  .   (no helmet)
rElec   +          Harm     .   (no cloak)
rCorr   .          Rampage  .   (no gloves)
Will    .....                   d - +2 pair of boots
Stlth   ++........              (no amulet)
HPRegen 0.26/turn               i - ring of flight
MPRegen 0.16/turn               (no ring)

@: flying
A: no striking features
a: Renounce Religion, Heroism, Finesse, Duel


You were on level 10 of the Dungeon.
You worshipped Okawaru.
Okawaru was extremely pleased with you.
You visited 2 branches of the dungeon, and saw 12 of its levels.

You collected 612 gold pieces.

Inventory:

Hand Weapons
 z - the +8 flail of Muxocvyxka {protect, Int+2 Dex+3}
   (You took it off a gnoll bouda on level 7 of the Dungeon)

   It grants its wielder temporary protection when it strikes (+7 to AC).
   Int:       It affects your intelligence (+2).
   Dex:       It affects your dexterity (+3).
 A - a +1 vorpal battleaxe (weapon)
Missiles
 s - 3 javelins
 w - 8 boomerangs (quivered)
Armour
 d - a +2 pair of boots (worn)
 y - a +1 plate armour of cold resistance
 G - the +5 scale mail of the Pure Quests (worn) {rElec Int+5 Dex+2 Stlth+}
   (You found it on level 10 of the Dungeon)

   Int:       It affects your intelligence (+5).
   Dex:       It affects your dexterity (+2).
   rElec:     It insulates you from electricity.
   Stlth:     It makes you more stealthy.
Jewellery
 i - a ring of flight (left hand)
 t - an amulet of reflection
Wands
 k - a wand of flame (22)
Scrolls
 e - 2 scrolls of blinking
 g - a scroll of poison
 h - 2 scrolls of magic mapping
 m - a scroll of amnesia
 q - a scroll of enchant weapon
 r - 4 scrolls of identify
 u - 3 scrolls of teleportation
 v - 3 scrolls of immolation
Potions
 a - a potion of mutation {unknown}
 b - a potion of heal wounds
 c - 2 potions of lignification {unknown}
 f - a potion of ambrosia
 j - 2 potions of resistance
 l - a potion of attraction {unknown}
 n - a potion of haste
 p - a potion of flight {unknown}
 x - a potion of magic {unknown}
 B - a potion of might
 C - a potion of brilliance {unknown}
 D - a potion of curing
Miscellaneous
 E - a box of beasts
 F - a tin of tremorstones (2/2)


   Skills:
 - Level 10.5 Fighting
 - Level 14.0(16.4) Axes
 * Level 12.0(14.0) Maces & Flails
 - Level 2.4 Dodging
 - Level 1.5 Stealth
 - Level 10.0 Invocations


You had 10 spell levels left.
You didn't know any spells.
Your spell library contained the following spells:

 Spells                   Type           Power      Damage    Failure   Level
 Beastly Appendage        Tmut           0%         N/A       65%         1
 Sting                    Tmut/Pois      0%         1d3       65%         1
 Poisonous Vapours        Pois/Air       0%         N/A       78%         2
 Sublimation of Blood     Necr           0%         N/A       78%         2
 Wereblood                Tmut           0%         N/A       78%         2
 Confusing Touch          Hex            0%         N/A       95%         3
 Spider Form              Tmut/Pois      0%         N/A       95%         3
 Airstrike                Air            0%         2d(0-16)  100%        4
 Anguish                  Hex/Necr       0%         N/A       100%        4
 Olgreb's Toxic Radiance  Pois           0%         N/A       100%        4
 Petrify                  Tmut/Erth      0%         N/A       100%        4
 Irradiate                Conj/Tmut      0%         3d11      100%        5
 Lightning Bolt           Conj/Air       0%         1d11      100%        5
 Yara's Violent Unravell  Hex/Tmut       0%         3d3       100%        5
 Enfeeble                 Hex            0%         N/A       100%        7
 Orb of Destruction       Conj           0%         9d5       100%        7
 Summon Guardian Golem    Hex/Summ       Unusable   N/A       N/A         3
 Summon Lightning Spire   Summ/Air       Unusable   N/A       N/A         4
 Spellforged Servitor     Conj/Summ      Unusable   N/A       N/A         7
 Summon Hydra             Summ           Unusable   N/A       N/A         7

Dungeon Overview and Level Annotations

Branches:
Dungeon (11/15)            Temple (1/1) D:7             Orc (0/2) D:10
   Lair: D:8-11

Altars:
Ashenzari
Cheibriados
Dithmenos
Elyvilon
Fedhas
Gozag
Okawaru
Qazlal
Trog
Uskayaw
Vehumet
Wu Jian
Xom
Yredelemnul
Zin
The Shining One

Shops:
D:6 (   D:7 :   D:9 (


Message History

The boulder beetle bites you but does no damage.
You slash the boulder beetle!
The boulder beetle is moderately wounded.
The boulder beetle bites you but does no damage.
You slice the boulder beetle!!
The boulder beetle is heavily wounded.
You hear a shout!
A centaur warrior comes into view. It is wielding a +2 vampiric lajatang.
The centaur warrior shouts!
You hit the boulder beetle.
The boulder beetle is severely wounded.
The boulder beetle bites you but does no damage.
You hit the boulder beetle but do no damage.
The boulder beetle is severely wounded.
The boulder beetle closely misses you.
You slash the boulder beetle!
The boulder beetle is almost dead.
The boulder beetle leaps!
The centaur warrior hits you with a +2 vampiric lajatang!
The centaur warrior barely misses you.
The boulder beetle curls into a ball and begins rolling!
The centaur warrior hits you with a +2 vampiric lajatang!!
The centaur warrior kicks you.
Unknown command.
You slice the centaur warrior!!
The centaur warrior is heavily wounded.
The centaur warrior barely misses you. The centaur warrior closely misses you.
You slice the centaur warrior!!
The centaur warrior is almost dead.
The centaur warrior hits you with a +2 vampiric lajatang!
The centaur warrior kicks you.
The centaur warrior hits you but does no damage.
The centaur warrior kicks you but does no damage.
You barely miss the centaur warrior.
The centaur warrior is almost dead.
The centaur warrior hits you with a +2 vampiric lajatang!
* * * LOW HITPOINT WARNING * * *
The centaur warrior draws strength from your wounds!
The centaur warrior misses you. The boulder beetle hits you!!
You die...

..####...# ##'###..## #..........
#.......### #.# ##..## .......
#.....###.#.# ##..# ........
####'####.#°# ##.# .........
.#.#...#.#.#°# #.# ..# ######
.#..)..##.#.#°# ##.#.?#
.'..#..+.#.#.#○# #.'...#
.#.....##.#.#.#B#c##..###########
.#|..#.# #.#.#.#@# #.###.........
####'### #.#.#.#.##.# #.........
##.....## #.#.#.##..# #.........
#.......## #.#.##..## #.........
..#.#.#..####'###...# #.........
.#######..#.....#...# #.........
.#.....#..#.#.#.#...# #.........
#÷.....(#.'.#.#.#...# ###.......
†#.....#..#.#.# #...# ##...####


You could see a boulder beetle (rolling) and a centaur warrior.

Vanquished Creatures
  An ogre mage (D:10)
  2 two-headed ogres (D:10)
  A manticore (D:10)
  An ugly thing (D:10)
  2 cyclopes (D:10)
  A gargoyle (D:10)
  A yaktaur (shapeshifter) (D:9)
  2 unseen horrors (D:10)
  3 trolls
  2 hornets
  Sigmund (D:2)
  A wyvern (D:6)
  18 yaks
  A shadow (D:10)
  2 vampire mosquitoes (D:10)
  Menkaure (D:5)
  2 water moccasins (D:6)
  Duvessa (D:6)
  4 orc warriors (D:9)
  2 ice beasts (D:6)
  A sky beast (D:6)
  2 black bears
  3 ogres
  A boggart (D:10)
  2 centaurs
  A phantom (D:6)
  3 kobold brigands
  5 bullfrogs
  2 necrophages
  3 scorpions
  5 wights
  Dowan (D:6)
  5 killer bees
  9 howler monkeys
  2 jellies
  A gnoll bouda (D:7)
  3 hounds
  Terence (D:2)
  6 orc wizards
  3 iguanas
  3 gnolls (D:7)
  4 adders
  A river rat (D:6)
  A shadow imp (D:6)
  4 white imps
  2 worms
  The ghost of fly the Sneak, a weakling DgDe (D:6)
  2 dart slugs (D:1)
  25 orcs
  6 ball pythons
  4 bats
  7 endoplasms
  3 giant cockroaches
  6 goblins
  7 hobgoblins
  8 jackals
  4 quokkas
  3 frilled lizards
  11 kobolds
  5 rats
215 creatures vanquished.

Vanquished Creatures (others)
  A hobgoblin (D:1)
  5 plants (D:7)
6 creatures vanquished.

Grand Total: 221 creatures vanquished

Notes
Turn   | Place    | Note
-------+----------+-------------------------------------------
     0 | D:1      | Ajdolov the Hill Orc Monk began the quest for the Orb.
     0 | D:1      | Reached XP level 1. HP: 19/19 MP: 1/1
   156 | D:1      | Reached XP level 2. HP: 13/27 MP: 2/2
   641 | D:1      | Found a faded altar of an unknown god.
   819 | D:1      | Reached skill level 5 in Axes
   839 | D:1      | Reached XP level 3. HP: 33/33 MP: 3/3
  1006 | D:2      | Noticed Terence
  1159 | D:2      | Noticed Sigmund
  1713 | D:3      | Reached XP level 4. HP: 23/41 MP: 4/4
  2080 | D:2      | Reached skill level 6 in Axes
  2455 | D:3      | Reached XP level 5. HP: 23/47 MP: 5/5
  2744 | D:2      | Reached skill level 5 in Fighting
  3304 | D:3      | Reached skill level 7 in Axes
  4108 | D:4      | Reached XP level 6. HP: 35/56 MP: 6/6
  4250 | D:4      | Found a glowing silver altar of Zin.
  4259 | D:4      | Found a radiant altar of Vehumet.
  4260 | D:4      | Found a broken altar of Ashenzari.
  4621 | D:5      | Entered Level 5 of the Dungeon
  4641 | D:5      | Noticed a black bear
  4661 | D:5      | Killed a black bear
  4662 | D:5      | Reached skill level 8 in Axes
  4912 | D:5      | HP: 2/57 [scorpion (4)]
  4918 | D:5      | Reached XP level 7. HP: 20/63 MP: 7/7
  5189 | D:5      | Reached skill level 9 in Axes
  5500 | D:5      | Found a stormy altar of Qazlal.
  5702 | D:5      | Noticed Menkaure
  5725 | D:5      | Killed Menkaure
  6359 | D:6      | Reached skill level 10 in Axes
  6637 | D:6      | Found Zaunyam's Weapon Shop.
  6669 | D:6      | Reached XP level 8. HP: 48/73 MP: 8/8
  7128 | D:6      | Found a runed translucent door.
  7128 | D:6      | Noticed fly's ghost (weakling DgDe)
  7156 | D:6      | Reached skill level 11 in Axes
  7428 | D:6      | Noticed Duvessa
  7430 | D:6      | Noticed Dowan
  7450 | D:6      | Killed Duvessa
  7450 | D:6      | Killed Dowan
  7451 | D:6      | Reached skill level 12 in Axes
  7737 | D:6      | Found a hide-covered altar of Uskayaw.
  7744 | D:6      | Reached XP level 9. HP: 68/82 MP: 9/9
  8381 | D:6      | Killed fly's ghost
  8810 | D:7      | Found Isaicrok's Vocational Training.
  8826 | D:6      | Reached skill level 13 in Axes
  9186 | D:7      | Found a staircase to the Ecumenical Temple.
  9195 | Temple   | Entered the Ecumenical Temple
  9276 | Temple   | Became a worshipper of Warmaster Okawaru
  9276 | Temple   | Reached * piety under Okawaru
  9276 | Temple   | Reached ** piety under Okawaru
  9352 | D:7      | Identified the +8 flail of Muxocvyxka {protect, Int+2
                  | Dex+3}
  9379 | D:7      | Reached skill level 1 in Invocations
  9669 | D:7      | Noticed a troll
  9683 | D:7      | Killed a troll
 10529 | D:2      | Killed Terence
 10681 | D:2      | Killed Sigmund
 10965 | D:8      | Reached skill level 14 in Axes
 10981 | D:8      | HP: 1/85 [killer bee (8)]
 11070 | D:8      | Reached skill level 10 in Fighting
 11351 | D:8      | Noticed a hornet
 11362 | D:8      | Killed a hornet
 11362 | D:8      | Reached *** piety under Okawaru
 11363 | D:8      | Reached skill level 5 in Invocations
 11363 | D:8      | Reached XP level 10. HP: 58/94 MP: 12/14
 11632 | D:8      | You are sucked into a shaft and drop 3 floors!
 11637 | D:10     | Entered Level 10 of the Dungeon
 11720 | D:9      | Reached skill level 1 in Maces & Flails
 11982 | D:9      | Found Moravizi's Weapon Emporium.
 12333 | D:9      | Reached **** piety under Okawaru
 12337 | D:9      | Reached skill level 5 in Maces & Flails
 13668 | D:10     | Reached ***** piety under Okawaru
 13678 | D:10     | Reached XP level 11. HP: 11/99 MP: 11/17
 14173 | D:10     | Noticed a cyclops
 14173 | D:10     | Noticed a cyclops
 14266 | D:10     | Killed a cyclops
 14317 | D:10     | Paralysed by a hornet for 1 turns
 14688 | D:10     | Noticed a two-headed ogre
 14701 | D:10     | Killed a two-headed ogre
 15736 | D:10     | Noticed a manticore
 15759 | D:10     | Killed a manticore
 16025 | D:10     | Noticed a two-headed ogre
 16036 | D:10     | Killed a two-headed ogre
 16036 | D:10     | Received a gift from Okawaru
 16037 | D:10     | Reached skill level 10 in Maces & Flails
 16037 | D:10     | Reached skill level 10 in Invocations
 16124 | D:10     | Identified the +5 ring mail of Sunlight {rN+}
 16159 | D:10     | Noticed a deep elf pyromancer
 16433 | D:10     | Found a staircase to the Orcish Mines.
 16488 | D:10     | Noticed an ogre mage
 16492 | D:10     | Noticed a red ugly thing
 16501 | D:10     | Killed an ogre mage
 16515 | D:10     | Killed a red ugly thing
 16750 | D:10     | Identified the +10 great sword of Moderation {vorpal, rCorr
                  | Int+3 Dex+3}
 16774 | D:10     | Identified the +5 scale mail of the Pure Quests {rElec
                  | Int+5 Dex+2 Stlth+}
 16776 | D:10     | Identified the +2 leather armour "Tasupt" {rCorr Str+2
                  | Stlth+}
 16793 | D:10     | Noticed a boulder beetle
 16867 | D:10     | Noticed a cyclops
 16933 | D:10     | Killed a cyclops
 17061 | D:10     | Noticed a centaur warrior
 17068 | D:10     | Slain by a boulder beetle

Illustrated notes

Levels and vault maps discovered:
D:1:      amcnicky_arrival_double_pillar, layout_basic, basic_ecumenical_altar
D:2:      layout_loops_ring, uniq_terence, uniq_sigmund
D:3:      layout_rooms, serial_rivers, chequers_serial_rivers_micro_b,
          chequers_serial_rivers_micro_c, chequers_serial_rivers_room_a,
          chequers_serial_rivers_small_b, chequers_serial_rivers_micro_e
D:4:      layout_cave_pods, chequers_temple_overflow_statue_of_worship
D:5:      layout_rooms, mainiacjoe_overflow_surrounded_room, uniq_menkaure
D:6:      layout_cave_pods, nicolae_uskayaw_suspiria,
          hellmonk_ghost_happy_afterlife, gup_sewer_entry_spiral, serial_shops,
          kennysheep_mini_moat, uniq_duvessa
D:7:      layout_basic, minmay_temple_entry_glass, serial_bayou_pond_c,
          nicolae_shop_vocational
D:8:      layout_cave_pools, st_stairs_10, hellmonk_bongcloud_opening
D:9:      layout_loops_corners, serial_shops, nicolae_shop_bloodbath_and_beyond,
          minivault_1
D:10:     minmay_the_grid_octo_tiled_squarecenter [minmay_the_grid_octo_teeth,
          minmay_the_grid_octo_chip, minmay_the_grid_octo_checkered,
          minmay_the_grid_octo_odd_swirl,
          minmay_the_grid_square_5x5_megaprize_crossed,
          minmay_the_grid_square_5x5_eight,
          minmay_the_grid_square_5x5_minivault,
          minmay_the_grid_square_5x5_minibox,
          minmay_the_grid_square_5x5_tri_point], layout_cave_pods,
          lemuel_old_faithful
D:11:     layout_layer_cave, lair_entry_dummy, serial_shops,
          nicolae_shop_hallway_plus, uniq_erica
Temple:   minmay_crystal_spiral_temple

Skill      XL: |  1  2  3  4  5  6  7  8  9 10 11 |
---------------+----------------------------------+-----
Fighting       | 4 5 6 7 8 10 | 10.5
Axes           | 5 6 7 8 10 12 14 | 14.0
Invocations    | 5 8 10 | 10.0
Maces & Flails | 7 12 | 12.0
Dodging        | |  2.4
Stealth        | |  1.5

Action                   |  1- 3 |  4- 6 |  7- 9 | 10-12 || total
-------------------------+-------+-------+-------+-------++-------
Melee: Hand axe          |   116 |   228 |   411 |     9 ||   764
       Punch             |       |     1 |     6 |       ||     7
       Battleaxe         |       |       |       |   349 ||   349
Throw: Dart              |       |       |       |     2 ||     2
Invok: Heroism           |       |       |       |     4 ||     4
       Finesse           |       |       |       |     4 ||     4
Evoke: Wand              |       |       |     1 |       ||     1
  Use: Potion            |       |     2 |     9 |     4 ||    15
       Scroll            |       |       |    16 |     4 ||    20
Armor: Robe              |    13 |       |       |       ||    13
       Chain mail        |    68 |   151 |   167 |    47 ||   433
       Plate armour      |       |       |       |   128 ||   128
       Scale mail        |       |       |       |    19 ||    19
Dodge: Dodged            |    58 |    87 |   120 |    95 ||   360

Table legend: (Time is in decaauts)
 A = Elapsed time spent in this place.
 B = Non-inter-level travel time spent in this place.
 C = Inter-level travel time spent in this place.
 D = Time resting spent in this place.
 E = Time spent auto-exploring this place.
 F = Levels seen in this place.
 G = Mean time per level.
                   A        B        C        D        E       F      G
               +--------+--------+--------+--------+--------+-----+--------+
         Total |  16901 |  15906 |    995 |   4595 |   8499 |  12 | 1408.4 |
       Dungeon |  16762 |  15820 |    942 |   4595 |   8435 |  11 | 1523.8 |
        Temple |    138 |     85 |     53 |      0 |     64 |   1 |  138.0 |
               +--------+--------+--------+--------+--------+-----+--------+

Top non-repeatable levels by time:
    D:10: 3057 daAuts
     D:6: 2066 daAuts
     D:5: 2050 daAuts
     D:9: 2041 daAuts
     D:2: 1906 daAuts
     D:1: 1402 daAuts
     D:7: 1233 daAuts
     D:4: 1104 daAuts
     D:3: 980 daAuts
     D:8: 916 daAuts
  Temple: 138 daAuts
    D:11: 4 daAuts
